 Dungeon Crawl Stone Soup version 0.32-a0-841-g4648e6c457 (webtiles) character file.

Game seed: 11401746413924219720

366 wildpjah the Covered (level 6, -8/51 HPs)
             Began as a Mountain Dwarf Artificer on Mar 26, 2024.
             Splashed by a jelly's acid (12 damage)
             ... on level 5 of the Dungeon.
             The game lasted 00:07:47 (3702 turns).

wildpjah the Covered (Mountain Dwarf Artificer)     Turns: 3702, Time: 00:07:49

Health: -8/51      AC:  6    Str: 16    XL:     6   Next: 40%
Magic:  6/6        EV:  3    Int: 12    God:
Gold:   174        SH:  3    Dex: 10    Spells: 5/5 levels left

rFire   . . .        m - +0 spear (venom)
rCold   . . .        q - +0 buckler
rNeg    . . .        r - +0 plate armour
rPois   .            (no helmet)
rElec   .            y - +0 cloak
rCorr   .            (no gloves)
SInv    .            h - +0 pair of boots
Will    .....        (no amulet) Stlth
                     (no ring)
HPRegen 0.28/turn    (no ring)
MPRegen 0.10/turn

%: no passive effects
@: corroded
A: runic magic, artefact enchanting
a: no special abilities


You were on level 5 of the Dungeon.
You visited 1 branch of the dungeon, and saw 5 of its levels.

You collected 174 gold pieces.

Inventory:

Hand Weapons
 a - a +0 club
 m - a +0 spear of venom (weapon)
 o - a +3 spear
Missiles
 j - 52 stones (quivered)
 u - 6 silver javelins
Armour
 b - a +0 leather armour
 h - a +0 pair of boots (worn)
 q - a +0 buckler (worn)
 r - a +0 plate armour (worn)
 y - a +0 cloak (worn)
Wands
 c - a wand of flame (22)
 d - a wand of charming (15)
 e - a wand of iceblast (5)
 B - a wand of digging (5)
Scrolls
 g - a scroll of fog {unknown}
 k - 3 scrolls of revelation {unknown}
 n - 3 scrolls of poison {unknown}
 p - 2 scrolls of teleportation {unknown}
 s - a scroll of enchant armour {unknown}
 t - a scroll of fear {unknown}
 v - 3 scrolls of identify {unknown}
 w - a scroll of immolation {unknown}
 x - a scroll of brand weapon {unknown}
 A - a scroll of vulnerability {unknown}
Potions
 f - 2 potions of cancellation {unknown}
 i - a potion of invisibility {unknown}
 l - a potion of enlightenment {unknown}
 z - 3 potions of curing {unknown}
 C - a potion of degeneration {unknown}


   Skills:
 * Level 3.6 Fighting
 + Level 1.2 Maces & Flails
 + Level 2.3 Polearms
 + Level 0.1 Throwing
 * Level 4.8 Armour
 + Level 1.2 Dodging
 - Level 0.6 Stealth
 + Level 0.7 Shields
 + Level 4.0 Evocations


You had 5 spell levels left.
You didn't know any spells.
Your spell library contained the following spells:

 Spells                   Type           Power      Damage    Failure   Level
 Hailstorm                Conj/Ice       0%         3d5       98%         3
 Summon Ice Beast         Ice/Summ       0%         N/A       98%         3
 Permafrost Eruption      Ice/Erth       0%         2x4d2     100%        6
 Sculpt Simulacrum        Ice/Alch       0%         N/A       100%        6


Dungeon Overview and Level Annotations

Branches:
Dungeon (5/15)
 Temple: D:4-7

Altars:
Ashenzari
Cheibriados


Innate Abilities, Weirdness & Mutations

Your spellcasting is much less encumbered by armour.
You can use scrolls of enchantment on lesser artefacts.


Message History

You hit the scorpion but do no damage.
The scorpion is poisoned.
You feel sick.
The scorpion stings you but does no damage.
You hit the scorpion.
The scorpion looks as sick as possible!
The scorpion is moderately wounded.
You feel sick.
The scorpion stings you but does no damage.
You hit the scorpion.
The scorpion is almost dead.
You feel sick.
You kill the scorpion!
You start resting.
You feel sick. x3
You are no longer poisoned.
You climb downwards.
You hear the hiss of flowing sand.
There is an entrance to an ossuary on this level.
Hurry and find it before the portal is buried!
The jelly hits you.
You are splashed with acid!
There is a stone staircase leading up, spattered with blood here.
You hit the jelly.
The jelly is poisoned.
The acid corrodes you!
Your hands burn!
The jelly is lightly wounded.
The jelly barely misses you.
You hit the jelly but do no damage.
Your hands burn!
The jelly is lightly wounded.
The jelly hits you but does no damage.
You are too injured to fight recklessly!
You are too injured to fight recklessly!
You hit the jelly.
The jelly looks as sick as possible!
Your hands burn!
The jelly is heavily wounded.
You block the jelly's attack.
You hit the jelly.
The jelly looks as sick as possible!
Your hands burn!
The jelly is severely wounded.
The jelly hits you. The acid corrodes you!
You are splashed with acid!
* * * LOW HITPOINT WARNING * * *
You hit the jelly.
The jelly looks as sick as possible!
Your hands burn!
* * * LOW HITPOINT WARNING * * *
The jelly is severely wounded.
The jelly hits you.
* * * LOW HITPOINT WARNING * * *
You are splashed with acid!
You die...

..#####.#.#...
.#.............
#..............
......$.)..?...
...............
#..............
#.......J......
#......@.......
#..............
##.............
##.....##.$...
####### #####


You could see a jelly (extremely poisoned).

Vanquished Creatures
  A scorpion (D:4)
  A hound (D:4)
  3 orc priests (D:4)
  Ijyb (D:2)
  Robin (D:2)
  3 adders
  3 gnolls (D:2)
  A dart slug (D:3)
  A ribbon worm (D:2)
  9 orcs
  3 endoplasms
  2 giant cockroaches (D:2)
  9 hobgoblins
  3 jackals (D:2)
  3 quokkas
  8 ball pythons
  4 bats
  4 frilled lizards
  18 goblins
  6 kobolds
  A rat (D:1)
85 creatures vanquished.

Notes
Turn   | Place    | Note
-------+----------+-------------------------------------------
     0 | D:1      | wildpjah the Mountain Dwarf Artificer began the quest for
                  | the Orb.
     0 | D:1      | Reached XP level 1. HP: 16/16 MP: 1/1
   393 | D:1      | Reached XP level 2. HP: 21/23 MP: 2/2
  1010 | D:2      | Reached XP level 3. HP: 11/28 MP: 3/3
  1147 | D:2      | You fall into a shaft and drop 1 floor!
  1171 | D:3      | Noticed Ijyb
  1187 | D:2      | Reached skill level 1 in Maces & Flails
  1187 | D:2      | Reached skill level 1 in Dodging
  1282 | D:2      | Noticed Robin
  1293 | D:2      | Killed Robin
  1294 | D:2      | Reached XP level 4. HP: 26/36 MP: 4/4
  1570 | D:2      | Found a broken altar of Ashenzari.
  1767 | D:2      | Found a faded altar of an unknown god.
  1775 | D:2      | Reached skill level 1 in Polearms
  2285 | D:2      | Killed Ijyb
  2286 | D:2      | Reached XP level 5. HP: 42/42 MP: 5/5
  2389 | D:3      | Found a snail-covered altar of Cheibriados.
  3456 | D:4      | Reached XP level 6. HP: 13/51 MP: 6/6
  3687 | D:5      | Entered Level 5 of the Dungeon
  3702 | D:5      | Splashed by a jelly's acid

Illustrated notes

Levels and vault maps discovered:
D:1:      dpeg_arrival_erosion, layout_basic
D:2:      layout_basic, basic_altar, hellmonk_ecumenical_altar_zigzags,
          uniq_robin
D:3:      layout_basic, mainiacjoe_overflow_boulevard, minmay_misc_feat_cross,
          nicolae_goblin_pals
D:4:      layout_basic
D:5:      layout_rooms, minmay_temple_entry_mist, enter_ossuary_1,
          water_maze_lemuel

Skill      XL: |  1  2  3  4  5 |
---------------+----------------+-----
Evocations     | 4 |  4.0
Armour         | 3 4 |  4.8
Maces & Flails | 1 |  1.2
Dodging        | 1 |  1.2
Fighting       | 2 3 |  3.6
Polearms       | 1 2 |  2.3
Throwing       | |  0.1
Stealth        | |  0.6
Shields        | |  0.7

Action                     |  1- 3 |  4- 6 || total
---------------------------+-------+-------++-------
  Melee: Club              |    70 |       ||    70
         Spear             |    39 |   227 ||   266
  Throw: Stone             |     8 |       ||     8
   Stab: Distracted        |       |     1 ||     1
 Armour: Leather armour    |    72 |    23 ||    95
         Plate armour      |       |   165 ||   165
  Dodge: Dodged            |    47 |    59 ||   106
  Block: Buckler           |       |    21 ||    21

Table legend: (Time is in decaauts)
 A = Elapsed time spent in this place.
 B = Non-inter-level travel time spent in this place.
 C = Inter-level travel time spent in this place.
 D = Time resting spent in this place.
 E = Time spent auto-exploring this place.
 F = Levels seen in this place.
 G = Mean time per level.
                   A        B        C        D        E       F      G
               +--------+--------+--------+--------+--------+-----+--------+
         Total |   3747 |   3540 |    207 |    215 |   2533 |   5 |  749.4 |
       Dungeon |   3747 |   3540 |    207 |    215 |   2533 |   5 |  749.4 |
               +--------+--------+--------+--------+--------+-----+--------+

Top non-repeatable levels by time:
     D:2: 1277 daAuts
     D:1: 997 daAuts
     D:4: 745 daAuts
     D:3: 718 daAuts
     D:5: 7 daAuts
